 Dungeon Sprint DCSS version 0.17-a0-1719-g1afd5a1 (webtiles) character file.

11400000 ztt the Plane Walker (level 27, -19/273 HPs)
             Began as a Ghoul Warper on Aug 27, 2015.
             Was the Champion of Makhleb.
             Demolished by a destroyer
             ... wielding a +9 great sword of slicing
              (28 damage)
             ... in the Dungeon (Sprint VIII: "Arena of Blood").
             The game lasted 00:02:49 (114 turns).

ztt the Plane Walker (Ghoul Warper)                  Turns: 114, Time: 00:02:49

Health: -19/273    AC:  6    Str: 19    XL:     27
Magic:  30/53      EV: 32    Int:  8    God:    Makhleb [******]
Gold:   0          SH:  0    Dex: 17    Spells: 1 memorised, 79 levels left

rFire  . . .     SeeInvis +     l - +∞ Axe of Woe
rCold  + . .     Clarity  .     b - +0 leather armour
rNeg   + + +     SustAt   .     (no shield)
rPois  ∞         Gourm    .     (no helmet)
rElec  .         Spirit   .     (no cloak)
rCorr  .         Warding  .     (no gloves)
rMut   .         NoTele   +     (no boots)
MR     ++...                    (no amulet)
Stlth  +++++++++.               (no ring)
                                m - ring of see invisible

@: rotting, slowed, very slow, very resistant to hostile enchantments,
incredibly stealthy
A: rotting body, claws 1, carnivore 3, cold resistance 1, negative energy
resistance 3, slow healing 1, torment resistance, unbreathing
a: Minor Destruction, Lesser Servant of Makhleb, Major Destruction, Greater
Servant of Makhleb, Renounce Religion


You were in the Dungeon.
You worshipped Makhleb.
Makhleb was exalted by your worship.
You were not hungry.

You visited 1 branch

Inventory:

Hand weapons
 a - a +0 hand axe
 l - the +∞ Axe of Woe (weapon)
   (You found it in the Dungeon)
Missiles
 e - 5 tomahawks of dispersal (quivered)
Armour
 b - a +0 leather armour (worn)
Jewellery
 m - a ring of see invisible (left claw)
Scrolls
 d - 2 scrolls of blinking
Potions
 g - a potion of curing
 h - a potion of heal wounds
 i - a potion of haste
 j - 2 potions of magic
 k - a potion of berserk rage
Books
 c - a book of Spatial Translocations

   Spells                             Type                      Level
   a - Apportation                    Translocation                1
   b - Blink                          Translocation                2
   c - Shroud of Golubria             Charms/Translocation         2
   d - Portal Projectile              Translocation                3
   e - Teleport Other                 Translocation                3
   f - Passage of Golubria            Translocation                4
Comestibles
 f - a meat ration


   Skills:
 O Level 27 Fighting
 O Level 27 Axes
 O Level 27 Throwing
 O Level 27 Armour
 O Level 27 Dodging
 O Level 27 Stealth
 O Level 27 Unarmed Combat
 O Level 27 Spellcasting
 O Level 27 Translocations
 O Level 27 Invocations


You had 79 spell levels left.
You knew the following spells:

 Your Spells              Type           Power        Failure   Level  Hunger
a - Apportation           Tloc           ######....   0%          1    None


Dungeon Overview and Level Annotations

Branches:
Dungeon (1/1)

Altars:
Makhleb


Innate Abilities, Weirdness & Mutations

Your body is rotting away.
You thrive on raw meat.
You are immune to poison.
You have sharp fingernails.
You are carnivorous and can eat meat at any time.
Your flesh is cold resistant.
You are immune to negative energy.
You heal slowly when monsters are visible.
You are immune to unholy pain and torment.
You can survive without breathing.


Message History

Makhleb accepts your kill.
You are engulfed in roaring flames.
The accursed casts a spell at you. Something smites you!
You hear a shout! x2
The dread moves out of view.
The destroyer blinks!
You hear a shout! x3
The accursed casts a spell at you. Something smites you!
A hydra, an orc and a lich come into view.
Unknown command.
You hear a shout! x6
The bag of meat hits you with a +9 war axe!!
The dread appears out of thin air!
A dread comes into view.
You hear a shout!
The destroyer hits you with a +9 great sword of slicing!!!!!
Ouch! That really hurt!
* * * LOW HITPOINT WARNING * * *
You die...

o.o.L...#.... #.. .
Co.G.#..D.W.###%. ..
#..D.............###.
#...G..o#........_.. .
#...o.#.......#....o ...
###C.))).%...#_C<._
....##§M§)#.)§.%..#.)...
#..§§§)))#§..%...._..
#.%§@§M.))......§###)
.%....ooV%..%.%###...).)
.%..%..%..W......#...)))
....%%..%......).#...)).
........#....%%..)..))).
.......#S#.#.%...%...)).
..%..%..#.#..%......).).
.###...#.#.#........))).
.#.#.....#...)...


You could see 2 accurseds, an eight-headed meat hydra, a destroyer, an observer
(invisible), a scourge (wandering), a large bag of meat (inner flame), 2 dreads
and 4 bags of meat.

Vanquished Creatures
  9 hell beasts (D)
  5 greater mummies (D)
  5 great orbs of eyes (D)
  3 wraiths (D)
  14 vampire knights (D)
  41 ogres (D)
  7 liches (D)
  4 hydras (D)
  83 orcs (D)
  3 phantoms (D)
  8 hill giants (D)
  6 skeletal warriors (D)
  2 sea snakes (D)
  7 large abominations (D)
  10 small abominations (D)
  10 crawling corpses (D)
217 creatures vanquished.

Vanquished Creatures (others)
  6 crawling corpses (D)
6 creatures vanquished.

Grand Total: 223 creatures vanquished

Notes
Turn   | Place    | Note
--------------------------------------------------------------
     0 | D        | ztt the Ghoul Warper began the quest for the Orb.
     0 | D        | Reached XP level 1. HP: 17/17 MP: 2/2
     4 | D        | Noticed a bag of meat
     4 | D        | Became a worshipper of Makhleb the Destroyer
     5 | D        | Noticed a meat berserker
     5 | D        | Killed a meat berserker
     5 | D        | Reached skill level 13 in Fighting
     5 | D        | Reached skill level 10 in Dodging
     5 | D        | Reached skill level 20 in Translocations
     5 | D        | Reached XP level 2. HP: 20/44 MP: 2/14
     5 | D        | Reached XP level 3. HP: 22/50 MP: 2/15
     5 | D        | Reached XP level 4. HP: 25/58 MP: 2/17
     5 | D        | Reached XP level 5. HP: 27/64 MP: 2/18
     5 | D        | Reached XP level 6. HP: 30/72 MP: 2/20
     5 | D        | Reached XP level 7. HP: 32/79 MP: 2/21
     5 | D        | Reached XP level 8. HP: 34/86 MP: 2/23
     5 | D        | Reached XP level 9. HP: 36/93 MP: 2/24
     5 | D        | Reached XP level 10. HP: 39/101 MP: 2/25
     5 | D        | Reached XP level 11. HP: 41/107 MP: 2/26
     5 | D        | Reached XP level 12. HP: 44/115 MP: 2/27
     5 | D        | Reached XP level 13. HP: 46/122 MP: 2/28
     6 | D        | Noticed a bag of meat
     7 | D        | Noticed a bag of meat
     7 | D        | Noticed a meat berserker
     7 | D        | Noticed a bag of meat
     7 | D        | Noticed a bag of meat
     7 | D        | Noticed a meat berserker
     8 | D        | Noticed a bag of meat
     8 | D        | Noticed a bag of meat
     8 | D        | Noticed a bag of meat
     8 | D        | Noticed a bag of meat
     8 | D        | Noticed a bag of meat
     8 | D        | Noticed a bag of meat
     9 | D        | Noticed a meat berserker
     9 | D        | Noticed a bag of meat
     9 | D        | Noticed a bag of meat
     9 | D        | Noticed a bag of meat
     9 | D        | Killed a meat berserker
     9 | D        | Acquired Makhleb's first power
     9 | D        | Reached skill level 15 in Fighting
     9 | D        | Reached skill level 5 in Throwing
     9 | D        | Reached skill level 23 in Translocations
     9 | D        | Reached XP level 14. HP: 48/135 MP: 3/30
     9 | D        | Noticed a bag of meat
    10 | D        | Noticed a bag of meat
    10 | D        | Noticed a bag of meat
    10 | D        | Killed a meat berserker
    10 | D        | Reached skill level 15 in Spellcasting
    10 | D        | Reached skill level 25 in Translocations
    10 | D        | Reached XP level 15. HP: 50/147 MP: 3/33
    10 | D        | Killed a bag of meat
    10 | D        | Acquired Makhleb's second power
    10 | D        | Reached skill level 15 in Axes
    10 | D        | Reached skill level 26 in Translocations
    10 | D        | Reached XP level 16. HP: 52/157 MP: 3/35
    10 | D        | Noticed a bag of meat
    11 | D        | Noticed a meat berserker
    11 | D        | Killed a meat berserker
    11 | D        | Reached skill level 5 in Armour
    11 | D        | Reached skill level 15 in Dodging
    11 | D        | Reached skill level 27 in Translocations
    11 | D        | Killed a bag of meat
    11 | D        | Acquired Makhleb's third power
    11 | D        | Reached XP level 17. HP: 104/172 MP: 3/38
    12 | D        | Noticed a meat berserker
    12 | D        | Noticed a bag of meat
    12 | D        | Noticed a large bag of meat
    12 | D        | Noticed a bag of meat
    12 | D        | Killed a bag of meat
    12 | D        | Killed a bag of meat
    12 | D        | Acquired Makhleb's fourth power
    12 | D        | Killed a bag of meat
    12 | D        | Reached XP level 18. HP: 130/188 MP: 3/41
    12 | D        | Killed a bag of meat
    12 | D        | Noticed a large bag of meat
    13 | D        | Killed a bag of meat
    13 | D        | Killed a bag of meat
    13 | D        | Acquired Makhleb's fifth power
    13 | D        | Killed a bag of meat
    13 | D        | Reached XP level 19. HP: 199/204 MP: 4/44
    14 | D        | Killed a meat berserker
    14 | D        | Reached skill level 27 in Fighting
    14 | D        | Reached skill level 10 in Throwing
    15 | D        | Noticed a bag of meat
    15 | D        | Killed a bag of meat
    15 | D        | Reached skill level 10 in Armour
    15 | D        | Killed a bag of meat
    15 | D        | Reached skill level 27 in Axes
    15 | D        | Killed a bag of meat
    15 | D        | Reached XP level 20. HP: 216/216 MP: 4/48
    15 | D        | Killed a bag of meat
    15 | D        | Killed a bag of meat
    15 | D        | Reached skill level 27 in Spellcasting
    16 | D        | Noticed a meat berserker
    17 | D        | Killed a bag of meat
    17 | D        | Reached skill level 27 in Dodging
    17 | D        | Killed a bag of meat
    17 | D        | Killed a bag of meat
    17 | D        | Reached XP level 21. HP: 224/224 MP: 5/51
    17 | D        | Killed a meat berserker
    18 | D        | Noticed a bag of meat
    18 | D        | Noticed a bag of meat
    18 | D        | Killed a large bag of meat
    19 | D        | Killed a bag of meat
    19 | D        | Killed a bag of meat
    19 | D        | Reached XP level 22. HP: 233/233 MP: 5/52
    20 | D        | Noticed a meat berserker
    20 | D        | Noticed a large bag of meat
    21 | D        | Noticed a destroyer
    21 | D        | Killed a large bag of meat
    21 | D        | Killed a meat berserker
    21 | D        | Reached skill level 27 in Throwing
    21 | D        | Reached skill level 27 in Armour
    22 | D        | Noticed a bag of meat
    22 | D        | Noticed a meat berserker
    22 | D        | Killed a large bag of meat
    23 | D        | Noticed a destroyer
    23 | D        | Noticed a bag of meat
    24 | D        | Noticed a bag of meat
    24 | D        | Killed a meat berserker
    24 | D        | Reached skill level 15 in Stealth
    24 | D        | Killed a bag of meat
    24 | D        | Reached XP level 23. HP: 240/240 MP: 7/53
    24 | D        | Killed a bag of meat
    24 | D        | Killed a bag of meat
    25 | D        | Noticed a bag of meat
    25 | D        | Noticed a bag of meat
    25 | D        | Killed a meat berserker
    26 | D        | Noticed a bag of meat
    26 | D        | Noticed a bag of meat
    26 | D        | Noticed a bag of meat
    27 | D        | Noticed a bag of meat
    27 | D        | Noticed a bag of meat
    27 | D        | Noticed a bag of meat
    28 | D        | Noticed a bag of meat
    29 | D        | Killed a destroyer
    29 | D        | Reached skill level 27 in Stealth
    29 | D        | Reached XP level 24. HP: 249/249 MP: 8/53
    30 | D        | Killed a destroyer
    30 | D        | Reached skill level 27 in Unarmed Combat
    30 | D        | Reached skill level 27 in Invocations
    30 | D        | Killed a bag of meat
    31 | D        | Killed a bag of meat
    31 | D        | Killed a bag of meat
    31 | D        | Killed a bag of meat
    31 | D        | Reached XP level 25. HP: 257/257 MP: 9/53
    31 | D        | Killed a bag of meat
    32 | D        | Killed a bag of meat
    33 | D        | Noticed a bag of meat
    33 | D        | Noticed a meat berserker
    34 | D        | Noticed a sculptor of flesh
    34 | D        | Noticed a bag of meat
    34 | D        | Killed a bag of meat
    34 | D        | Killed a bag of meat
    35 | D        | Noticed an eight-headed meat hydra
    35 | D        | Killed a bag of meat
    36 | D        | Killed a bag of meat
    36 | D        | Killed a bag of meat
    36 | D        | Killed a bag of meat
    36 | D        | Reached XP level 26. HP: 266/266 MP: 10/53
    37 | D        | Noticed a sculptor of flesh
    37 | D        | Noticed a destroyer
    37 | D        | Killed a sculptor of flesh
    37 | D        | Killed a meat berserker
    40 | D        | Killed a nine-headed meat hydra
    42 | D        | Noticed a destroyer
    42 | D        | Killed a destroyer
    42 | D        | Killed a sculptor of flesh
    42 | D        | Reached XP level 27. HP: 273/273 MP: 10/53
    42 | D        | Killed a bag of meat
    42 | D        | Killed a bag of meat
    43 | D        | Noticed a destroyer
    43 | D        | Noticed a destroyer
    44 | D        | Killed a destroyer
    47 | D        | Noticed a tyrant
    47 | D        | Noticed a sculptor of flesh
    47 | D        | Noticed an accursed
    47 | D        | Noticed a destroyer
    47 | D        | Killed a destroyer
    47 | D        | Killed a tyrant
    47 | D        | Killed a destroyer
    48 | D        | Noticed a bag of meat
    49 | D        | Noticed a tyrant
    51 | D        | Noticed a meat berserker
    53 | D        | Killed a destroyer
    53 | D        | Killed a tyrant
    54 | D        | Killed a bag of meat
    55 | D        | Noticed a meat berserker
    57 | D        | Noticed a bag of meat
    57 | D        | Noticed a tyrant
    57 | D        | Noticed a bag of meat
    58 | D        | Noticed a large bag of meat
    58 | D        | Noticed a meat berserker
    59 | D        | Noticed an accursed
    59 | D        | Noticed a dread
    59 | D        | Noticed a bag of meat
    60 | D        | Noticed a bag of meat
    60 | D        | Noticed a bag of meat
    60 | D        | Noticed a bag of meat
    60 | D        | Noticed a tyrant
    60 | D        | Noticed a bag of meat
    60 | D        | Noticed a meat berserker
    60 | D        | Killed a meat berserker
    61 | D        | Noticed a bag of meat
    61 | D        | Noticed a bag of meat
    61 | D        | Noticed an accursed
    61 | D        | Killed a meat berserker
    62 | D        | Noticed a meat berserker
    62 | D        | Noticed a destroyer
    62 | D        | Noticed a bag of meat
    62 | D        | Noticed a bag of meat
    62 | D        | Noticed a destroyer
    63 | D        | Noticed a bag of meat
    63 | D        | Noticed a meat berserker
    63 | D        | Killed a meat berserker
    64 | D        | Noticed a meat berserker
    64 | D        | Noticed a meat berserker
    64 | D        | Killed a destroyer
    65 | D        | Noticed a large bag of meat
    65 | D        | Noticed a bag of meat
    66 | D        | Noticed a destroyer
    66 | D        | Noticed a meat berserker
    66 | D        | Noticed a meat berserker
    66 | D        | Killed a bag of meat
    67 | D        | Noticed a meat berserker
    67 | D        | Noticed a bag of meat
    67 | D        | Noticed a sculptor of flesh
    67 | D        | Killed a meat berserker
    67 | D        | Killed a sculptor of flesh
    67 | D        | Killed a bag of meat
    68 | D        | Noticed a bag of meat
    68 | D        | Noticed a meat berserker
    68 | D        | Killed a meat berserker
    68 | D        | Killed a dread
    69 | D        | Noticed a bag of meat
    69 | D        | Killed a tyrant
    70 | D        | Noticed a meat berserker
    70 | D        | Killed a meat berserker
    71 | D        | Noticed a meat berserker
    71 | D        | Killed a bag of meat
    71 | D        | Killed a destroyer
    71 | D        | Killed a meat berserker
    72 | D        | Noticed a meat berserker
    72 | D        | Killed a bag of meat
    72 | D        | Killed a meat berserker
    73 | D        | Noticed a bag of meat
    73 | D        | Noticed a meat berserker
    73 | D        | Noticed a bag of meat
    73 | D        | Noticed a dread
    73 | D        | Noticed a large bag of meat
    73 | D        | Noticed a meat beast
    73 | D        | Noticed a meat beast
    73 | D        | Killed a bag of meat
    73 | D        | Killed a destroyer
    74 | D        | Noticed a meat berserker
    74 | D        | Noticed a bag of meat
    74 | D        | Noticed a bag of meat
    74 | D        | Noticed a meat beast
    74 | D        | Killed a meat berserker
    74 | D        | Killed an accursed
    75 | D        | Noticed a bag of meat
    75 | D        | Noticed a wretched soul
    75 | D        | Killed an accursed
    75 | D        | Killed a bag of meat
    75 | D        | Killed a meat berserker
    75 | D        | Killed a meat berserker
    76 | D        | Noticed a meat berserker
    76 | D        | Noticed a bag of meat
    76 | D        | Noticed a meat berserker
    76 | D        | Killed a tyrant
    77 | D        | Killed a meat beast
    77 | D        | Noticed a bag of meat
    78 | D        | Noticed a bag of meat
    78 | D        | Noticed a wretched soul
    78 | D        | Noticed a meat berserker
    78 | D        | Noticed a tyrant
    78 | D        | Killed a meat berserker
    78 | D        | Killed a dread
    78 | D        | Killed a meat beast
    78 | D        | Killed a meat berserker
    78 | D        | Killed a bag of meat
    79 | D        | Noticed a bag of meat
    79 | D        | Noticed a meat berserker
    79 | D        | Noticed a sculptor of flesh
    79 | D        | Killed a bag of meat
    79 | D        | Killed a meat beast
    80 | D        | Noticed a bag of meat
    80 | D        | Noticed a wretched soul
    80 | D        | Noticed a meat berserker
    80 | D        | Noticed a meat berserker
    80 | D        | Noticed a meat beast
    80 | D        | Killed a bag of meat
    80 | D        | Noticed a meat beast
    81 | D        | Noticed a meat berserker
    81 | D        | Killed a meat berserker
    81 | D        | Killed a bag of meat
    81 | D        | Killed a wretched soul
    81 | D        | Killed a meat beast
    81 | D        | Killed a large bag of meat
    82 | D        | Noticed a bag of meat
    82 | D        | Killed a meat berserker
    82 | D        | Killed a bag of meat
    82 | D        | Killed a wretched soul
    83 | D        | Noticed a bag of meat
    83 | D        | Noticed a meat beast
    83 | D        | Noticed a meat berserker
    83 | D        | Killed a meat berserker
    84 | D        | Noticed a bag of meat
    84 | D        | Noticed a large bag of meat
    84 | D        | Noticed a meat berserker
    84 | D        | Killed a bag of meat
    84 | D        | Killed a meat berserker
    84 | D        | Killed a meat beast
    84 | D        | Killed a bag of meat
    85 | D        | Noticed a bag of meat
    85 | D        | Noticed a bag of meat
    85 | D        | Noticed a bag of meat
    85 | D        | Killed a bag of meat
    85 | D        | Killed a meat berserker
    85 | D        | Killed a meat beast
    86 | D        | Killed a bag of meat
    86 | D        | Killed a meat berserker
    86 | D        | Killed a meat berserker
    87 | D        | Killed a meat berserker
    88 | D        | Noticed a destroyer
    88 | D        | Noticed a large bag of meat
    88 | D        | Killed a bag of meat
    89 | D        | Noticed a sculptor of flesh
    89 | D        | Noticed a destroyer
    89 | D        | Killed a wretched soul
    89 | D        | Killed a bag of meat
    89 | D        | Killed a tyrant
    90 | D        | Noticed a destroyer
    90 | D        | Killed a sculptor of flesh
    90 | D        | Killed a meat berserker
    91 | D        | Noticed a meat beast
    91 | D        | Noticed a bag of meat
    91 | D        | Noticed an accursed
    91 | D        | Killed a meat berserker
    91 | D        | Killed a meat berserker
    91 | D        | Killed a bag of meat
    92 | D        | Noticed a meat berserker
    92 | D        | Killed a meat berserker
    92 | D        | Killed a bag of meat
    92 | D        | Killed a destroyer
    93 | D        | Noticed a bag of meat
    93 | D        | Killed a large bag of meat
    93 | D        | Killed a meat berserker
    94 | D        | Noticed a bag of meat
    94 | D        | Noticed a bag of meat
    94 | D        | Killed a bag of meat
    94 | D        | Killed a bag of meat
    94 | D        | Killed a meat beast
    94 | D        | Killed a bag of meat
    94 | D        | Killed a bag of meat
    95 | D        | Killed a bag of meat
    95 | D        | Killed a large bag of meat
    96 | D        | Noticed a bag of meat
    96 | D        | Noticed a meat beast
    96 | D        | Noticed an accursed
    96 | D        | Killed a bag of meat
    96 | D        | Killed a destroyer
    97 | D        | Noticed an accursed
    97 | D        | Killed a bag of meat
    97 | D        | Killed a bag of meat
    98 | D        | Noticed an observer
    98 | D        | Noticed an accursed
    98 | D        | Noticed an observer
    98 | D        | Noticed a meat berserker
    98 | D        | Killed a bag of meat
    98 | D        | Killed a destroyer
    98 | D        | Killed a sculptor of flesh
    98 | D        | Killed a bag of meat
    99 | D        | Killed a bag of meat
    99 | D        | Killed a meat berserker
   100 | D        | Noticed an observer
   100 | D        | Noticed a bag of meat
   100 | D        | Noticed a tyrant
   100 | D        | Noticed a dread
   100 | D        | Killed a bag of meat
   100 | D        | Killed a large bag of meat
   100 | D        | Killed a sculptor of flesh
   101 | D        | Noticed a bag of meat
   101 | D        | Noticed an observer
   101 | D        | Noticed a tyrant
   101 | D        | Noticed a bag of meat
   101 | D        | Noticed a bag of meat
   101 | D        | Noticed a large bag of meat
   102 | D        | Noticed a meat berserker
   102 | D        | Noticed a large bag of meat
   102 | D        | Noticed a bag of meat
   102 | D        | Killed a meat beast
   103 | D        | Noticed an observer
   103 | D        | Killed an accursed
   103 | D        | Killed a meat berserker
   104 | D        | Noticed a bag of meat
   104 | D        | Noticed a meat berserker
   104 | D        | Noticed a bag of meat
   105 | D        | Noticed a bag of meat
   105 | D        | Noticed a meat berserker
   105 | D        | Killed a bag of meat
   105 | D        | Killed a bag of meat
   105 | D        | Killed a tyrant
   106 | D        | Noticed a meat beast
   106 | D        | Noticed an observer
   106 | D        | Noticed a destroyer
   106 | D        | Killed a bag of meat
   106 | D        | Killed an observer
   106 | D        | Killed an observer
   106 | D        | Killed an accursed
   106 | D        | Killed a bag of meat
   107 | D        | Killed a dread
   107 | D        | Killed an observer
   107 | D        | Killed a bag of meat
   108 | D        | Noticed a bag of meat
   108 | D        | Noticed a bag of meat
   108 | D        | Killed a tyrant
   108 | D        | Killed a meat berserker
   108 | D        | Killed a meat berserker
   108 | D        | Noticed a bag of meat
   109 | D        | Killed a bag of meat
   109 | D        | Killed a destroyer
   110 | D        | Killed an accursed
   110 | D        | Killed a meat beast
   110 | D        | Killed a bag of meat
   110 | D        | Killed a bag of meat
   110 | D        | Noticed a bag of meat
   111 | D        | Killed a bag of meat
   111 | D        | Killed a bag of meat
   111 | D        | Killed a meat berserker
   112 | D        | Noticed a bag of meat
   112 | D        | Noticed a destroyer
   112 | D        | Killed an observer
   112 | D        | Killed a bag of meat
   112 | D        | Killed a bag of meat
   112 | D        | Killed a large bag of meat
   113 | D        | Noticed a dread
   113 | D        | Killed an observer
   113 | D        | Killed a bag of meat
   113 | D        | Killed a bag of meat
   113 | D        | Killed a bag of meat
   114 | D        | Noticed a tyrant
   114 | D        | Noticed a bag of meat
   114 | D        | HP: 9/273 [destroyer/+9 great sword of slicing (187)]
   114 | D        | Demolished by a destroyer

Vault maps used:
D:        meatsprint

Action                   |  1- 3 |  4- 6 |  7- 9 | 10-12 | 13-15 | 16-18 | 19-21 | 22-24 | 25-27 || total
-------------------------+-------+-------+-------+-------+-------+-------+-------+-------+-------++-------
Melee: Executioner's axe |     1 |       |       |       |     2 |     3 |     5 |     7 |    63 ||    81
 Cast: Apportation       |       |       |       |       |       |       |       |       |     1 ||     1
